 Dungeon Crawl Stone Soup version 0.28.0-47-ge53b351184 (webtiles) character file.

Game seed: 11092337128423640568

33842 101zpm the Eclecticist (level 14, -5/74 HPs)
             Began as a Djinni Fire Elementalist on May 4, 2022.
             Was an Elder of Hepliaklqana.
             Constricted to death by Jorgrun (10 damage)
             ... on level 14 of the Dungeon.
             The game lasted 01:25:43 (22049 turns).

101zpm the Eclecticist (Djinni Fire Elementalist)  Turns: 22049, Time: 01:25:45

Health: -5/74      AC:  6    Str:  7    XL:     14   Next: 10%
Gold:   430        EV:  9    Int: 22    God:    Hepliaklqana [****..] SH:  0 Dex: 14

rFire   + . .      SeeInvis .   q - +4 dagger (freeze)
rCold   . . .      Faith    .   (no shield)
rNeg    . . .      Spirit   .   I - +0 troll leather armour
rPois   ∞          Reflect  .   O - +0 helmet
rElec   .          Harm     .   P - +0 cloak
rCorr   +          Rampage  .   (no gloves)
Will    ++...                   (boots unavailable)
Stlth   ++........              a - amulet "Yreck" {Acrobat Will+ Regen+}
HPRegen 1.82/turn               w - ring of resist corrosion
MPRegen 0.00/turn               L - ring of ice

@: grasped by roots, flying, constricted
A: reduced essence, sickness immunity, fire resistance 2, cold vulnerability 1,
float, innate caster, HP casting, extra vitality 1
a: Renounce Religion, Recall Ancestor, Ancestor Identity, Transference, Idealise


You were on level 14 of the Dungeon.
You worshipped Hepliaklqana.
Hepliaklqana was greatly pleased with you.
You visited 3 branches of the dungeon, and saw 17 of its levels.

You collected 1827 gold pieces.
You spent 1397 gold pieces at shops.

Inventory:

Hand Weapons
 q - a +4 dagger of freezing (weapon)
Missiles
 m - 4 throwing nets
 H - 442 stones
Armour
 y - a scarf of repulsion
 F - a scarf of shadows
 I - a +0 troll leather armour (worn)
 J - a +0 robe of willpower
 N - a +2 robe of cold resistance
 O - a +0 helmet (worn)
 P - a +0 cloak (worn)
Magical Staves
 E - a staff of air
Jewellery
 a - the amulet "Yreck" (around neck) {Acrobat Will+ Regen+}
   (You bought it in a shop on level 13 of the Dungeon)

   [amulet of the acrobat]

   It increases your evasion while moving and waiting.
   Regen:     It increases your rate of health regeneration.
   Will:      It increases your willpower.
 w - a ring of resist corrosion (left hand)
 C - a ring of fire
 L - a ring of ice (right hand)
Wands
 k - a wand of polymorph (24)
 n - a wand of flame (19)
 s - a wand of digging (6)
 t - a wand of charming (10)
 u - a wand of iceblast (10)
 B - a wand of paralysis (10)
Scrolls
 b - 3 scrolls of fear
 d - 8 scrolls of enchant weapon
 e - 2 scrolls of enchant armour
 f - a scroll of identify
 i - 8 scrolls of teleportation
 j - 4 scrolls of magic mapping
 p - 4 scrolls of fog
 x - 2 scrolls of noise
 K - a scroll of holy word
 R - a scroll of summoning
Potions
 c - a potion of ambrosia
 g - 2 potions of brilliance
 h - 9 potions of curing
 l - a potion of attraction {unknown}
 r - a potion of berserk rage
 v - 3 potions of cancellation
 z - 2 potions of haste
 A - a potion of heal wounds
 Q - a potion of flight {unknown}


   Skills:
 + Level 1.0 Fighting
 + Level 3.6 Armour
 + Level 3.3 Dodging
 + Level 4.1 Stealth
 + Level 17.1 Spellcasting


You had 14 spell levels left.
You knew the following spells:

 Your Spells              Type           Power      Damage    Failure   Level
a - Foxfire               Conj/Fire      100%       2x1d9     0%          1
b - Scorch                Fire           100%       2d10      0%          2
c - Conjure Flame         Conj/Fire      76%        6-21      0%          3
d - Inner Flame           Hex/Fire       76%        N/A       0%          3
e - Flame Wave            Conj/Fire      76%        2d14      1%          4
f - Shock                 Conj/Air       100%       1d9       0%          1
g - Passwall              Tmut/Erth      63%        N/A       0%          2
h - Call Canine Familiar  Summ           76%        N/A       0%          3
i - Fulminant Prism       Conj/Hex       38%        3d18      1%          4
j - Metabolic Englaciati  Hex/Ice        48%        N/A       1%          5
k - Blade Hands           Tmut           38%        N/A       1%          5
Your spell library was empty.

Dungeon Overview and Level Annotations

Branches:
Dungeon (14/15)            Temple (1/1) D:5            Lair (0/6) D:8
    Orc (2/2) D:11            Elf (0/3) Orc:2        Vaults (0/5) D:13

Altars:
Ashenzari
Cheibriados
Dithmenos
Elyvilon
Fedhas
Gozag
Hepliaklqana
Kikubaaqudgha
Makhleb
Nemelex Xobeh
Okawaru
Qazlal
Ru
Sif Muna
Trog
Uskayaw
Vehumet
Wu Jian
Xom
Yredelemnul
Zin
The Shining One
Beogh

Shops:
D:4 =   D:8 ?   D:9 [   D:13 (=!(*   Orc:2 ![?[?

Annotations:
D:14 Jorgrun


Innate Abilities, Weirdness & Mutations

Your life essence is reduced to manifest your ancestor. (-10% HP)
You are immune to sickness and miasma.
You are immune to poison.
Your flesh is very heat resistant. (rF++)
You are vulnerable to cold. (rC-)
You float through the air rather than walking.
You learn spells naturally, not from books.
Your magical power is your life essence.
You have superior vitality. (+4 MHP)


Message History

Aiming: Fulminant Prism (safe; 1% risk of failure)
Press: ? - help, Dir - move target
Okay, then.
Casting: Foxfire (safe; 0% risk of failure)
Press: ? - help, Q - select action, (/) - cycle Dir - look around, f - activate You conjure some foxfire!
Jorgrun hits your fulminant prism with a +0 vorpal quarterstaff!
Your fulminant prism crackles loudly.
Casting: Foxfire (safe; 0% risk of failure)
Press: ? - help, Q - select action, (/) - cycle Dir - look around, f - activate You conjure some foxfire!
Jorgrun hits your fulminant prism with a +0 vorpal quarterstaff.
Your fulminant prism explodes!
The blast of energy engulfs Jorgrun!!!
Jorgrun is moderately wounded.
You hear a shout!
Casting: Foxfire (safe; 0% risk of failure)
Confirm with . or Enter, or press ? or * to list all spells.
Aiming: Inner Flame (safe; 0% risk of failure)
Press: ? - help, Dir - move target, f - Jorgrun
Aim: Jorgrun, wielding a +0 vorpal quarterstaff and wearing a +2 robe of cold resistance (moderately wounded, ally target, chance to affect: 34%) Jorgrun easily resists.
The foxfire hits Jorgrun.
Jorgrun is moderately wounded.
Casting: Inner Flame (safe; 0% risk of failure)
Confirm with . or Enter, or press ? or * to list all spells.
Aiming: Inner Flame (safe; 0% risk of failure)
Press: ? - help, Dir - move target, f/p - Jorgrun
Aim: Jorgrun, wielding a +0 vorpal quarterstaff and wearing a +2 robe of cold resistance (moderately wounded, ally target, chance to affect: 34%) Jorgrun is filled with an inner flame.
Jorgrun gestures at you while chanting. The iron shot misses your warg.
The iron shot hits you!!!
Ouch! That really hurt!
* * * LOW HITPOINT WARNING * * *
Your foxfire dissipates! x2
Jorgrun says, "Yer just na down-ta-earth enough."
Jorgrun casts a spell at you.
Roots burst forth from the earth!
The grasping roots grab you! The grasping roots constrict you!
You die...

##..##.##.###...# ##...##+##...#
#...#........R.## #............
##....##..####..#####.8.....8...
####.#..Rv°..
##...###...8.8.....
..##>....#§#g#
###.....#.........
.....#.##..##.#
###§§............ ..##...# #.○
#h##§§R###.#.####... ).###..#
#.#R##.#§####.... ...## ..###..#
#.##..§@......# ####
.......###.....#§.######
..####..............
..###.....#...####### ..
..#....####..# #.# ###+###.#
#..## ...## #.###...# ....#
#.....#R### #.. #.§####...# #.#


You could see the friendly Esmond the knight, Jorgrun (inner flame, ally
target), an efreet and a friendly warg (summoned).

Vanquished Creatures
  Josephine (D:10)
  Harold (D:9)
  A hydra (D:13)
  Erica (D:9)
  3 two-headed ogres
  7 orc high priests (Orc:2)
  An orc knight (Orc:1)
  6 ugly things
  A cyclops (D:10)
  A centaur zombie (D:10)
  Maurice (D:10)
  A gargoyle (D:12)
  2 unseen horrors (D:12)
  3 kobold demonologists
  9 trolls
  2 slime creatures (D:10)
  4 shadows
  8 wraiths
  A hog (D:14)
  9 yaks
  Sigmund (D:3)
  2 wyverns (D:8)
  5 humans (D:14)
  2 basilisks
  6 vampire mosquitoes
  6 wargs (Orc:2)
  2 acid dragons
  A water moccasin (D:9)
  4 orc warriors
  4 sky beasts
  2 black bears
  An ogre (D:4)
  3 necrophages
  4 centaurs
  A phantom (D:11)
  3 kobold brigands
  4 bullfrogs
  3 scorpions
  A wyvern zombie (D:4)
  A troll zombie (D:11)
  4 wights (D:7)
  An electric eel (D:7)
  A bullfrog zombie (D:7)
  2 hounds
  A jelly (D:6)
  31 orc priests
  3 bullfrog skeletons
  13 orc wizards
  2 iguanas (D:5)
  A killer bee zombie (D:7)
  5 ogre zombies (D:11)
  A hound skeleton (D:5)
  A mummy (D:4)
  2 howler monkey zombies
  15 gnolls
  An adder (D:2)
  A howler monkey skeleton (D:6)
  An ufetubus (D:3)
  2 worms (D:2)
  A dart slug (D:3)
  73 orcs
  5 endoplasms
  2 giant cockroaches
  5 goblins
  5 hobgoblins
  24 kobolds
  A quokka (D:2)
  4 ball pythons
  3 bats
  2 goblin zombies (D:11)
  A hobgoblin skeleton (D:11)
  3 hobgoblin zombies (D:11)
  An orc skeleton (D:11)
  10 orc zombies (D:11)
  6 rats
  2 foxfires (Orc:2)
355 creatures vanquished.

Vanquished Creatures (collateral kills)
  Kirke (D:14)
  Fannar (D:10)
  2 two-headed ogres
  An orc high priest (Orc:2)
  5 ugly things (D:14)
  A cyclops (D:12)
  An unseen horror (D:13)
  A troll (D:14)
  2 slime creatures (D:10)
  2 yaks (D:12)
  A vampire mosquito (D:12)
  3 orc warriors
  An ogre (Orc:2)
  2 centaurs
  A bullfrog zombie (D:7)
  2 orc priests (Orc:2)
  2 orc wizards
  A killer bee zombie (D:8)
  A white imp (D:8)
  2 orcs
  A goblin zombie (D:11)
  An orc zombie (D:11)
  4 foxfires
39 creatures vanquished.

Vanquished Creatures (others)
  A knight (D:12)
  2 ancestors (D:10)
  1542 foxfires
  23 fulminant prisms
  11 plants
1579 creatures vanquished.

Grand Total: 1973 creatures vanquished

Notes
Turn   | Place    | Note
-------+----------+-------------------------------------------
     0 | D:1      | 101zpm the Djinni Fire Elementalist began the quest for the
                  | Orb.
     0 | D:1      | Reached XP level 1. HP: 15/15 MP: 0/0
   317 | D:3      | Reached XP level 2. HP: 15/21 MP: 0/0
   325 | D:3      | Reached skill level 3 in Spellcasting
   325 | D:3      | Reached XP level 3. HP: 11/25 MP: 0/0
   325 | D:3      | Learned a level 1 spell: Shock
   898 | D:3      | Noticed a scorpion
   905 | D:3      | Killed a scorpion
   906 | D:3      | Reached XP level 4. HP: 3/31 MP: 0/0
   906 | D:3      | Reached XP level 5. HP: 4/35 MP: 0/0
   906 | D:3      | Learned a level 2 spell: Passwall
  1650 | D:3      | Noticed Sigmund
  1652 | D:3      | Killed Sigmund
  1653 | D:3      | Reached skill level 4 in Spellcasting
  1653 | D:3      | Reached XP level 6. HP: 35/40 MP: 0/0
  1767 | D:3      | Reached skill level 5 in Spellcasting
  2271 | D:4      | Reached XP level 7. HP: 40/45 MP: 0/0
  2271 | D:4      | Learned a level 3 spell: Call Canine Familiar
  2834 | D:4      | Found Kudeyrgh's Jewellery Shoppe.
  3047 | D:5      | Entered Level 5 of the Dungeon
  3056 | D:5      | Reached skill level 6 in Spellcasting
  3299 | D:5      | Noticed a troll
  3304 | D:5      | Killed a troll
  3305 | D:5      | Reached XP level 8. HP: 43/50 MP: 0/0
  3485 | D:5      | Reached skill level 7 in Spellcasting
  4459 | D:5      | Found a staircase to the Ecumenical Temple.
  4918 | Temple   | Entered the Ecumenical Temple
  5342 | D:7      | Reached skill level 8 in Spellcasting
  5342 | D:7      | Reached XP level 9. HP: 44/55 MP: 0/0
  5342 | D:7      | Learned a level 4 spell: Fulminant Prism
  6382 | D:7      | Reached skill level 9 in Spellcasting
  6898 | D:7      | Found a blossoming altar of Fedhas.
  6898 | D:7      | Found a hazy altar of Hepliaklqana.
  6919 | D:7      | Found a broken altar of Ashenzari.
  6929 | D:7      | Found a bloodstained altar of Trog.
  6936 | D:7      | Found a sacrificial altar of Ru.
  6942 | D:7      | Found a shadowy altar of Dithmenos.
  6950 | D:7      | Found an iron altar of Okawaru.
  7201 | D:7      | You are sucked into a shaft and drop 3 floors!
  7201 | D:10     | Entered Level 10 of the Dungeon
  7215 | D:10     | Noticed a kobold demonologist
  7221 | D:10     | Killed a kobold demonologist
  7378 | D:10     | Reached skill level 10 in Spellcasting
  7378 | D:10     | Reached XP level 10. HP: 53/61 MP: 0/0
  7503 | D:10     | Noticed Maurice
  7509 | D:10     | Killed Maurice
  8175 | D:8      | Found a staircase to the Lair.
  8250 | D:8      | Found Xarumyom's Magic Scroll Emporium.
  8257 | D:8      | Bought a scroll of identify for 28 gold pieces
  8257 | D:8      | Bought a scroll of noise for 14 gold pieces
  8257 | D:8      | Bought 2 scrolls of identify for 56 gold pieces
  8477 | D:8      | Reached skill level 11 in Spellcasting
  9277 | D:8      | Bought a scroll of magic mapping for 49 gold pieces
  9381 | D:7      | Found a white marble altar of Elyvilon.
 10325 | D:4      | Found a snail-covered altar of Cheibriados.
 10390 | D:4      | Reached XP level 11. HP: 40/66 MP: 0/0
 10390 | D:4      | Learned a level 5 spell: Metabolic Englaciation
 13370 | D:1      | Found a faded altar of an unknown god.
 14627 | D:9      | Reached skill level 12 in Spellcasting
 14970 | D:9      | Noticed Erica
 14979 | D:9      | Killed Erica
 15059 | D:7      | Became a worshipper of Hepliaklqana the Forgotten
 15445 | D:9      | Noticed a two-headed ogre
 15451 | D:9      | Killed a two-headed ogre
 15542 | D:9      | Noticed Harold
 15550 | D:9      | Killed Harold
 15551 | D:9      | Reached skill level 13 in Spellcasting
 15580 | D:9      | Found Nunulouc's Armour Shoppe.
 16131 | D:10     | Reached * piety under Hepliaklqana
 16141 | D:10     | Noticed a two-headed ogre
 16148 | D:10     | Killed a two-headed ogre
 16148 | D:10     | Noticed Fannar
 16156 | D:10     | Reached skill level 1 in Armour
 16421 | D:10     | Noticed a cyclops
 16433 | D:10     | Killed a cyclops
 16509 | D:10     | Killed Fannar
 16510 | D:10     | Reached XP level 12. HP: 63/63 MP: 0/0
 17011 | D:11     | Noticed Josephine
 17020 | D:10     | Killed Josephine
 17077 | D:10     | Reached skill level 14 in Spellcasting
 17537 | D:11     | Found a staircase to the Orcish Mines.
 17718 | D:11     | Noticed a two-headed ogre
 17723 | D:11     | Killed a two-headed ogre
 17861 | D:11     | Reached ** piety under Hepliaklqana
 17863 | D:11     | Remembered your ancestor Esmond as a knight
 18301 | Orc:1    | Entered Level 1 of the Orcish Mines
 18598 | Orc:2    | Entered Level 2 of the Orcish Mines
 18696 | Orc:2    | Noticed an orc high priest
 18706 | Orc:2    | Killed an orc high priest
 18736 | Orc:2    | Noticed an orc high priest
 18741 | Orc:2    | Killed an orc high priest
 18742 | Orc:2    | Reached skill level 15 in Spellcasting
 18752 | Orc:2    | Noticed an orc high priest
 18755 | Orc:2    | Killed an orc high priest
 18815 | Orc:2    | Noticed an orc high priest
 18819 | Orc:2    | HP: 3/63 [orc high priest/divine providence (14)]
 18820 | Orc:2    | Killed an orc high priest
 18821 | Orc:2    | Reached XP level 13. HP: 3/68 MP: 0/0
 18821 | Orc:2    | Learned a level 5 spell: Blade Hands
 19351 | Orc:2    | Found Koaj Rai's Magic Scroll Shop.
 19394 | Orc:2    | Bought a scroll of identify for 34 gold pieces
 19394 | Orc:2    | Bought a scroll of teleportation for 51 gold pieces
 19394 | Orc:2    | Bought a scroll of identify for 34 gold pieces
 19394 | Orc:2    | Bought a scroll of identify for 34 gold pieces
 19394 | Orc:2    | Bought a scroll of teleportation for 51 gold pieces
 19394 | Orc:2    | Bought a scroll of identify for 34 gold pieces
 19464 | Orc:2    | Found Garut's Magic Scroll Emporium.
 19464 | Orc:2    | Found Veocet's Antique Armour Shop.
 19470 | Orc:2    | Bought a scroll of blinking for 82 gold pieces
 19470 | Orc:2    | Bought a scroll of teleportation for 33 gold pieces
 19470 | Orc:2    | Bought a scroll of magic mapping for 38 gold pieces
 19470 | Orc:2    | Bought a scroll of identify for 22 gold pieces
 19470 | Orc:2    | Bought a scroll of identify for 22 gold pieces
 19470 | Orc:2    | Bought a scroll of identify for 22 gold pieces
 19630 | Orc:2    | Found Lixturuh's Distillery.
 19630 | Orc:2    | Found Qauwot's Antique Armour Shop.
 19664 | Orc:2    | Reached *** piety under Hepliaklqana
 19827 | Orc:2    | Found a staircase to the Elven Halls.
 20130 | D:12     | Reached skill level 16 in Spellcasting
 21014 | D:13     | Found Vohuif Pera's Weapon Shop.
 21026 | D:12     | Reached skill level 1 in Fighting
 21078 | D:13     | Found Liysch's Distillery.
 21119 | D:13     | Found Avvut's Antique Weapon Boutique.
 21191 | D:13     | Reached **** piety under Hepliaklqana
 21401 | D:13     | Noticed a four-headed hydra
 21406 | D:13     | Killed a four-headed hydra
 21474 | D:13     | Found Udaimum's Assorted Antiques.
 21484 | D:13     | Bought a scroll of identify for 48 gold pieces
 21484 | D:13     | Bought 2 smoky puce potions for 43 gold pieces
 21484 | D:13     | Bought a ruby potion for 21 gold pieces
 21570 | D:13     | Found Mameqoiss's Jewellery Emporium.
 21574 | D:13     | Bought the amulet "Yreck" {Acrobat Will+ Regen+} for 681
                  | gold pieces
 21664 | D:13     | Found a gate to the Vaults.
 21820 | D:14     | Noticed Kirke
 21840 | D:14     | Noticed a sphinx
 21851 | D:14     | Killed Kirke
 21852 | D:14     | Reached XP level 14. HP: 67/74 MP: 0/0
 21855 | D:14     | Reached skill level 17 in Spellcasting
 21924 | D:14     | Found an opulent altar of Gozag.
 22009 | D:14     | Noticed Jorgrun
 22016 | D:14     | HP: 1/74 [constriction (10)]
 22048 | D:14     | HP: 3/74 [Jorgrun/iron shot (42)]
 22049 | D:14     | Constricted to death by Jorgrun

Illustrated notes

Levels and vault maps discovered:
D:1:      mrwooster_arrival_statue, layout_basic,
          hellmonk_ecumenical_altar_heavens_door
D:2:      layout_loops_corners
D:3:      layout_basic, uniq_sigmund
D:4:      layout_loops_ring, chei_slow_surprise, serial_shops,
          nicolae_shop_hallway_stairs, minmay_strange_pillars
D:5:      corexii_shack_village, layout_cave_pods,
          minmay_temple_entry_glassed_door, hangedman_decor_diamond_cutter
D:6:      layout_basic
D:7:      layout_basic, nicolae_elyvilon_temple_path,
          nicolae_overflow_hallway_of_the_gods
D:8:      layout_loops_ring, david_lair_generic, serial_shops, shop_statue
D:9:      layout_stronghold, serial_shops, nicolae_shop_advertising_works
          [nicolae_subvault_shop_adworks], uniq_erica, uniq_harold
D:10:     layout_basic, uniq_fannar, uniq_maurice
D:11:     layout_irregular_city, zombieorc1_lemuel, uniq_josephine
D:12:     layout_loops_cross, serial_bayou_pond_e
D:13:     layout_rooms, david_vaults_4, serial_shops, shop,
          nicolae_shop_behind_doors, nicolae_diamond_shop,
          nicolae_shop_behind_doors, nicolae_square_shop
D:14:     layout_rooms, nicolae_gozag_seed_capital, nicolae_trove_entry_columns,
          zin_statuary, uniq_jorgrun, uniq_kirke
Temple:   dshaligram_water_room_temple
Orc:1:    layout_diamond_mine, serial_shops, shop
Orc:2:    st_orc_town, layout_caves, serial_shops, shop_statue, basic_altar

Skill      XL: |  1  2  3  4  5  6  7  8  9 10 11 12 13 14 |
---------------+-------------------------------------------+-----
Spellcasting   | 3 4 5 6 8 10 11 13 15 16 17 | 17.1
Stealth        | 2 3 4 |  4.1
Armour         | 2 3 |  3.6
Dodging        | 3 |  3.3
Fighting       | 1 |  1.0

Action                   |  1- 3 |  4- 6 |  7- 9 | 10-12 | 13-15 || total
-------------------------+-------+-------+-------+-------+-------++-------
 Cast: Foxfire           |    42 |    42 |   204 |   479 |   206 ||   973
       Inner Flame       |     5 |    16 |    58 |   133 |    88 ||   300
       Scorch            |     2 |     1 |    14 |    68 |    68 ||   153
       Call Canine Famil |       |       |     9 |    55 |    32 ||    96
       Conjure Flame     |       |       |     1 |       |       ||     1
       Fulminant Prism   |       |       |     3 |    16 |     4 ||    23
       Metabolic Englaci |       |       |       |     3 |     5 ||     8
       Blade Hands       |       |       |       |       |     2 ||     2
Invok: Recall Ancestor   |       |       |       |     1 |       ||     1
       Ancestor Life: Kn |       |       |       |     1 |       ||     1
  Use: Scroll            |       |       |       |     4 |    17 ||    21
Armor: Robe              |       |       |       |     1 |       ||     1
       Troll leather arm |       |       |       |     5 |     8 ||    13
Dodge: Dodged            |       |       |     3 |    34 |     2 ||    39
